 Dungeon Crawl Stone Soup version 0.30.1-11-g7821555f0a (webtiles) character file.

Game seed: 13108718933260301375

117 Curundu the Trooper (level 4, 0/41 HPs)
             Began as a Minotaur Berserker on Jan 1, 2024.
             Was a Believer of Trog.
             Slain by a gnoll
             ... wielding a +1 flail of protection
              (9 damage)
             ... on level 2 of the Dungeon.
             The game lasted 00:05:17 (1199 turns).

Curundu the Trooper (Minotaur Berserker)            Turns: 1199, Time: 00:05:18

Health: 0/41       AC:  5    Str: 29    XL:     4   Next: 71%
Magic:  3/3        EV: 12    Int:  4    God:    Trog [**....]
Gold:   128        SH:  0    Dex: 10    Spells: 3/3 levels left

rFire   . . .        a - +0 spear
rCold   . . .        (no shield)
rNeg    . . .        d - +0 ring mail
rPois   .            (helmet restricted)
rElec   .            (no cloak)
rCorr   .            (no gloves)
SInv    .            (no boots)
Will    .....        (no amulet) Stlth
                     q - +6 ring of strength
HPRegen 0.26/turn    (no ring)
MPRegen 0.08/turn

%: no passive effects
@: no status effects
A: horns 2, retaliatory headbutt
a: Renounce Religion, Berserk, Trog's Hand


You were on level 2 of the Dungeon.
You worshipped Trog.
Trog was pleased with you.
You visited 1 branch of the dungeon, and saw 2 of its levels.

You collected 128 gold pieces.

Inventory:

Hand Weapons
 a - a +0 spear (weapon)
Missiles
 g - 11 boomerangs (quivered)
 j - 6 javelins
Armour
 d - a +0 ring mail (worn)
Jewellery
 q - a +6 ring of strength (left hand)
Scrolls
 c - a scroll of identify {unknown}
 e - 3 scrolls of noise {unknown}
 f - a scroll of magic mapping {unknown}
 i - a scroll of torment {unknown}
 m - a scroll of acquirement {unknown}
 n - a scroll of fear {unknown}
 o - a scroll of enchant weapon {unknown}
 r - a scroll of blinking {unknown}
Potions
 b - a potion of mutation {unknown}
 h - a potion of heal wounds {unknown}
 k - a potion of invisibility {unknown}
 l - a potion of degeneration {unknown}
 p - a potion of haste {unknown}


   Skills:
 + Level 4.9 Fighting
 + Level 4.6 Polearms
 + Level 0.9 Throwing
 + Level 2.6 Armour
 + Level 3.3 Dodging


You had 3 spell levels left.
You didn't know any spells.
Your spell library was empty.

Dungeon Overview and Level Annotations

Branches:
Dungeon (2/15)

Altars:

Shops:
D:2 (


Innate Abilities, Weirdness & Mutations

You have a pair of horns on your head.
You reflexively headbutt those who attack you in melee.


Message History

The gnoll is lightly wounded.
The gnoll hits you with a +0 whip.
You puncture the gnoll!
The gnoll is severely wounded.
The gnoll misses you.
You barely miss the gnoll. Your headbutt misses the gnoll.
The gnoll is severely wounded.
The gnoll closely misses you. You furiously retaliate!
You headbutt the gnoll. You hit the gnoll.
You kill the gnoll!
Trog accepts your kill.
The gnoll hits you with a +1 flail of protection.
Things that are here:
a +0 whip; a +0 flail; a gnoll corpse You hit the gnoll.
The gnoll is lightly wounded.
The gnoll hits you with a +1 flail of protection.
You hit the gnoll. Your headbutt misses the gnoll.
The gnoll is heavily wounded.
The gnoll hits you with a +1 flail of protection!
You hit the gnoll.
The gnoll is severely wounded.
The gnoll hits you with a +1 flail of protection.
You barely miss the gnoll.
The gnoll is severely wounded.
The gnoll barely misses you.
You hit the gnoll but do no damage. Your headbutt misses the gnoll.
Your punch misses the gnoll.
The gnoll is severely wounded.
The gnoll hits you with a +1 flail of protection.
* * * LOW HITPOINT WARNING * * *
You hit the gnoll but do no damage.
The gnoll is severely wounded.
You hit the gnoll but do no damage.
The gnoll is severely wounded.
The gnoll closely misses you.
You hit the gnoll. Your headbutt misses the gnoll.
The gnoll is almost dead.
The gnoll hits you with a +1 flail of protection!
You die...

#.#.#.#.#.#..#.#.########
......)..)...............
#.#############.######### ...
#.#........ #.# #)#.####^##
#.# #.#....#.#.
#.#.####.####.#.#.
#.#...........#.#.
#############@#############.##
g......$.....g................
..............................
##############################


You could see a gnoll.

Vanquished Creatures
  A hound (D:2)
  Jessica (D:2)
  An adder (D:2)
  2 gnolls (D:2)
  3 endoplasms
  2 hobgoblins (D:1)
  3 jackals (D:2)
  A quokka (D:1)
  6 ball pythons
  4 bats
  2 frilled lizards
  3 goblins
  2 kobolds
  6 rats
37 creatures vanquished.

Notes
Turn   | Place    | Note
-------+----------+-------------------------------------------
     0 | D:1      | Curundu the Minotaur Berserker began the quest for the Orb.
     0 | D:1      | Reached XP level 1. HP: 19/19 MP: 0/0
   221 | D:1      | Reached XP level 2. HP: 27/27 MP: 1/1
   394 | D:1      | Reached ** piety under Trog
   727 | D:2      | Noticed Jessica
   730 | D:2      | Killed Jessica
   731 | D:2      | Reached XP level 3. HP: 34/34 MP: 2/2
   886 | D:2      | Reached XP level 4. HP: 38/41 MP: 3/3
   907 | D:2      | Found Zaygaxki's Antique Weapon Emporium.
  1199 | D:2      | Slain by a gnoll

Illustrated notes

Levels and vault maps discovered:
D:1:      lightli_arrival_statuegarden, layout_basic
D:2:      layout_basic, serial_shops, shop, roderic_lattice_a, uniq_jessica

Skill      XL: |  1  2  3 |
---------------+----------+-----
Polearms       | 4 |  4.6
Fighting       | 4 |  4.9
Dodging        | 3 |  3.3
Throwing       | |  0.9
Armour         | |  2.6

Action                     |  1- 3 |  4- 6 || total
---------------------------+-------+-------++-------
  Melee: Spear             |    49 |    33 ||    82
         Headbutt          |     5 |     4 ||     9
         Punch             |     2 |     1 ||     3
  Throw: Boomerang         |    11 |       ||    11
 Armour: Ring mail         |    16 |    10 ||    26
  Dodge: Dodged            |    31 |    11 ||    42
